 Dungeon Crawl Stone Soup version 0.31-a0-506-g3d79149578 (webtiles) character file.

Game seed: 283455676302910213

32 Ethylacetat the Ducker (level 3, -1/13 HPs)
             Began as an Octopode Gladiator on Aug 8, 2023.
             Slain by a gnoll
             ... wielding a +0 spear
              (6 damage)
             ... on level 2 of the Dungeon.
             The game lasted 00:03:30 (839 turns).

Ethylacetat the Ducker (Octopode Gladiator)          Turns: 839, Time: 00:03:31

Health: -1/13      AC:  1    Str: 13    XL:     3   Next: 27%
Magic:  3/3        EV: 14    Int: 10    God:
Gold:   38         SH:  0    Dex: 15    Spells: 2/2 levels left

rFire   . . .        g - melded +2 mace (protect)
rCold   . . .        (shield currently unavailable)
rNeg    . . .        b - +0 hat
rPois   .            (no amulet)
rElec   .            (no ring)
rCorr   .            (no ring)
SInv    .            (no ring)
Will    .....        (no ring)
Stlth   +            (no ring)
HPRegen 0.22/turn    (no ring)
MPRegen 0.08/turn    (no ring)
                     (no ring)

%: no passive effects
@: flux-form, glowing
A: glow, contaminating, reduced hp, almost no armour, amphibious, 8 rings,
camouflage 1, gelatinous body 1, (nimble swimmer 1), tentacles
a: Begin Untransformation


You were on level 2 of the Dungeon.
You were something dangerously unstable.
You visited 1 branch of the dungeon, and saw 2 of its levels.

You collected 38 gold pieces.

Inventory:

Hand Weapons
 a - a +0 long sword
 g - a +2 mace of protection (melded)
Missiles
 c - 3 throwing nets (quivered)
 d - a javelin
Armour
 b - a +0 hat (worn)
Talismans
 e - a dragon-blood talisman
 o - a flux talisman (active)
Scrolls
 f - 2 scrolls of enchant weapon {unknown}
 h - a scroll of identify {unknown}
 i - a scroll of teleportation {unknown}
 n - a scroll of revelation {unknown}
Potions
 j - 2 potions of magic {unknown}
 k - a potion of degeneration {unknown}
 l - a potion of resistance {unknown}
 m - 2 potions of curing {unknown}


   Skills:
 + Level 2.4 Fighting
 - Level 3.0 Long Blades
 - Level 2.0 Throwing
 + Level 3.3 Dodging
 * Level 1.4 Shapeshifting


You had 2 spell levels left.
You didn't know any spells.
Your spell library contained the following spells:

 Spells                   Type           Power      Damage    Failure   Level
 Portal Projectile        Hex/Tloc       0%         N/A       75%         3
 Tukima's Dance           Hex            0%         N/A       75%         3
 Iskenderun's Mystic Bla  Conj/Tloc      0%         2d3       98%         4


Dungeon Overview and Level Annotations

Branches:
Dungeon (2/15)

Altars:


Innate Abilities, Weirdness & Mutations

You are something dangerously unstable.
You glow with magical radiation, making you easy to see and hit.
Foes you strike become dangerously contaminated with magical radiation.
Your maximum health is decreased, since you lack skill for your form.
You are incapable of wielding weapons or throwing items.
You cannot wear most types of armour.
You are amphibious.
You can wear up to eight rings at the same time.
Your skin changes colour to match your surroundings (Stealth+).
Your rubbery body absorbs attacks. (AC +1, EV +1)
((You are camouflaged when in or above water. (Stealth+)))
You have tentacles for arms and can constrict up to eight enemies at once.


Message History

You squeeze the dart slug, but do no damage.
The dart slug is heavily wounded.
You constrict the dart slug. The dart slug launches a dart at you.
The slug dart hits you.
You tentacle-slap the dart slug but do no damage.
The dart slug shudders as magic cascades through it.
The dart slug twists and deforms.
The dart slug is heavily wounded.
You constrict the dart slug. The dart slug bites you.
You tentacle-slap the dart slug but do no damage.
The dart slug begins to glow.
The dart slug is severely wounded.
You constrict the dart slug.
You tentacle-slap the dart slug but do no damage.
The dart slug glows dangerously bright.
You squeeze the dart slug.
You kill the dart slug!
A gnoll comes into view. It is wielding a +0 club.
The gnoll shouts!
You see here a dart slug corpse.
The gnoll misses you.
A gnoll comes into view. It is wielding a +0 spear.
The gnoll shouts!
You tentacle-slap the gnoll.
The gnoll begins to glow.
You grab the gnoll. You squeeze the gnoll.
The gnoll is lightly wounded.
You constrict the gnoll. The gnoll hits you with a +0 club.
You tentacle-slap the gnoll.
The gnoll glows dangerously bright.
You squeeze the gnoll.
The gnoll is severely wounded.
You constrict the gnoll.
The gnoll struggles to escape constriction.
Press: ? - help, v - describe, . - travel
Here: a gnoll, wielding a +0 club (almost dead, constricted by you, heavily contaminated)
The floor.
You tentacle-slap the gnoll but do no damage.
The gnoll shudders as magic cascades through it!!
You kill the gnoll!
The gnoll hits you from afar with a +0 spear.
You die...

### ..# #.# ###g#
##.#)##########
#...B.........# ###
####$#.########.#####..
........†..#####.......#
#####[...#..............
#.##...#############
#.#.#.## #..###. #^# #.
## ##


You could see a gnoll.

Vanquished Creatures
  A gnoll (D:2)
  2 dart slugs
  A ball python (D:1)
  2 endoplasms (D:1)
  2 giant cockroaches (D:1)
  A goblin (D:1)
  2 hobgoblins
  4 jackals (D:1)
  A bat (D:1)
  A frilled lizard (D:1)
  6 kobolds (D:1)
  3 rats
26 creatures vanquished.

Notes
Turn   | Place    | Note
-------+----------+-------------------------------------------
     0 | D:1      | Ethylacetat the Octopode Gladiator began the quest for the
                  | Orb.
     0 | D:1      | Reached XP level 1. HP: 14/14 MP: 1/1
   206 | D:1      | Reached XP level 2. HP: 19/19 MP: 2/2
   264 | D:1      | Reached skill level 1 in Shapeshifting
   666 | D:1      | Reached XP level 3. HP: 25/25 MP: 3/3
   839 | D:2      | Slain by a gnoll

Illustrated notes

Levels and vault maps discovered:
D:1:      dpeg_chamrin_arrival_tetris, layout_basic
D:2:      layout_loops_ring, guppyfry_early_orc_mine, uniq_sigmund, uniq_terence

Skill      XL: |  1  2 |
---------------+-------+-----
Shapeshifting  | 1 |  1.4
Fighting       | |  2.4
Long Blades    | |  3.0
Throwing       | |  2.0
Dodging        | |  3.3

Action                     || total
---------------------------++-------
  Melee: Long sword        ||     9
         Tentacles         ||    13
         Mace              ||    30
         Constrict         ||    11
         Punch             ||     1
         Unarmed           ||     8
   Stab: Sleeping          ||     4
 Armour: Skin              ||     4
  Dodge: Dodged            ||    25
   Form: Flux              ||     1

Table legend: (Time is in decaauts)
 A = Elapsed time spent in this place.
 B = Non-inter-level travel time spent in this place.
 C = Inter-level travel time spent in this place.
 D = Time resting spent in this place.
 E = Time spent auto-exploring this place.
 F = Levels seen in this place.
 G = Mean time per level.
                   A        B        C        D        E       F      G
               +--------+--------+--------+--------+--------+-----+--------+
         Total |    852 |    836 |     16 |      0 |    645 |   2 |  426.0 |
       Dungeon |    852 |    836 |     16 |      0 |    645 |   2 |  426.0 |
               +--------+--------+--------+--------+--------+-----+--------+

Top non-repeatable levels by time:
     D:1: 770 daAuts
     D:2: 82 daAuts
